 Dungeon Crawl Stone Soup version 0.32-a0-938-g40ac7a0f4d (webtiles) character file.

Game seed: 6918349556534292158

345 uglyjohn the Ruffian (level 6, -3/47 HPs)
             Began as a Draconian Shapeshifter on Apr 15, 2024.
             Slain by an ice beast (12 damage)
             ... on level 5 of the Dungeon.
             The game lasted 00:05:44 (2871 turns).

uglyjohn the Ruffian (Draconian Shapeshifter)       Turns: 2871, Time: 00:05:44

Health: -3/47      AC:  6    Str: 17    XL:     6   Next: 32%
Magic:  6/6        EV: 11    Int: 12    God:
Gold:   144        SH:  5    Dex: 10    Spells: 5/5 levels left

rFire   . .          .
                       - Unarmed
rCold   . . .        (no shield)
rNeg    . . .        (body armour unavailable)
rPois   +            (helmet currently unavailable)
rElec   .            (cloak currently unavailable)
rCorr   .            (gloves currently unavailable)
SInv    .            (boots currently unavailable)
Will    .....        o - amulet of reflection
Stlth   +            m - ring of wizardry
HPRegen 0.27/turn    v - ring of poison resistance
MPRegen 0.10/turn

%: reflection, wizardry (x1)
@: beast-form, slowed, very slow
A: beast (slay +2), AC +6, unfitting armour, cold-blooded
a: Begin Untransformation


You were on level 5 of the Dungeon.
You were a hulking beast.
You visited 1 branch of the dungeon, and saw 5 of its levels.

You collected 194 gold pieces.
You spent 50 gold pieces at shops.

Inventory:

Armour
 j - a +2 pair of boots of flying
 s - a +0 pair of gloves
Jewellery
 m - a ring of wizardry (left hand)
 o - an amulet of reflection (around neck)
 v - a ring of poison resistance (right hand)
Talismans
 b - a beast talisman (active)
 c - a flux talisman
Scrolls
 d - a scroll of revelation {unknown}
 e - a scroll of noise {unknown}
 f - a scroll of fear {unknown}
 g - 3 scrolls of identify
 h - a scroll of amnesia {unknown}
 k - a scroll of enchant armour {unknown}
 l - a scroll of teleportation
 t - 2 scrolls of blinking {unknown}
 x - a scroll of enchant weapon {unknown}
Potions
 a - a potion of brilliance {unknown}
 i - 3 potions of curing
 n - a potion of resistance {unknown}
 p - a potion of mutation {unknown}
 q - 2 potions of attraction
 r - 2 potions of cancellation {unknown}
 u - 2 potions of heal wounds {unknown}
 w - a potion of berserk rage {unknown}


   Skills:
 - Level 1.1 Fighting
 - Level 1.7 Dodging
 + Level 5.4 Unarmed Combat
 + Level 5.1 Shapeshifting


You had 5 spell levels left.
You didn't know any spells.
Your spell library contained the following spells:

 Spells                   Type           Power      Damage    Failure   Level
 Volatile Blastmotes      Fire/Tloc      0%         2d10      36%         3
 Animate Dead             Necr           0%         N/A       75%         4
 Fulminant Prism          Conj/Alch      0%         3d5       75%         4
 Iskenderun's Mystic Bla Conj/Tloc 0%             2d3        (+2d1     75%         4
 Haunt                    Necr/Summ      0%         N/A       100%        7
 Infestation              Necr           0%         N/A       100%        8


Dungeon Overview and Level Annotations

Branches:
Dungeon (5/15)
 Temple: D:4-7

Altars:
Ru

Shops:
D:4 :   D:5 !


Innate Abilities, Weirdness & Mutations

You are a hulking beast.
Your limbs bulge with bestial killing power. (Slay +2)
Your plain brown scales are hard. (AC +6)
You cannot fit into any form of body armour.
You are cold-blooded and may be slowed by cold attacks.


Message History

Something tries to affect you, but you resist.
The orc hits you but does no damage.
The orc priest hits you with a +0 dagger.
* * * LOW HITPOINT WARNING * * *
The quokka bites you but does no damage.
Something hits you.
* * * LOW HITPOINT WARNING * * *
Items here: $ ( ) †.
The quokka attacks as it pursues you!
The quokka bites you but does no damage.
Something hits you but does no damage.
The orc priest attacks as it pursues you!
You block the orc priest's attack.
The orc priest shouts, "Beogh offers mercy even to people such as you.
Join us and be reborn!"
Your surroundings seem slightly different.
The orc throws a boomerang.
The boomerang hits you but does no damage.
As you read the scroll of teleportation, it crumbles to dust.
You feel strangely unstable. Something hits you but does no damage.
Unknown command.
You punch something!
The orc priest shouts, "Surrender to Beogh and we'll let you live!"
Something hits you but does no damage.
The orc priest mumbles some strange prayers to Beogh against you.
Beogh smites you!
* * * LOW HITPOINT WARNING * * *
Unknown command.
You feel better.
Your surroundings suddenly seem different.
An ice beast comes into view.
Found an escape hatch in the ceiling.
Okay, then.
Unknown command.
As you read the scroll labelled OTAV GIGORU, it crumbles to dust.
It is a scroll of identify.
q - 2 potions of attraction The ice beast hits you.
* * * LOW HITPOINT WARNING * * *
The ice beast freezes you!
You feel yourself slow down.
You die...

... #### .<. ... #.. ...
... ##.# #.# ..## ##....
#.# #..# #..#.# #.# #..#
#.##.# #Y# #..###.##<#
#h# ##........# #.#
#....#.#### #.. #...##.#
#### #...##.# ##......#
........###.#..####.....
.#.~~≈...>.............#
.#.≈∩≈.#..........)....


You could see an ice beast.

Vanquished Creatures
  A scorpion (D:3)
  4 hounds
  2 iguanas
  Robin (D:2)
  2 adders
  A ribbon worm (D:4)
  2 dart slugs
  8 orcs
  2 bats
  6 endoplasms
  A giant cockroach (D:4)
  15 goblins
  8 hobgoblins
  5 jackals
  2 kobolds
  2 quokkas
  6 ball pythons
  2 frilled lizards (D:3)
  3 rats
73 creatures vanquished.

Notes
Turn   | Place    | Note
-------+----------+-------------------------------------------
     0 | D:1      | uglyjohn the Draconian Shapeshifter began the quest for the
                  | Orb.
     0 | D:1      | Reached XP level 1. HP: 16/16 MP: 1/1
   511 | D:1      | Reached XP level 2. HP: 23/23 MP: 2/2
   876 | D:2      | Noticed Robin
   897 | D:2      | Reached XP level 3. HP: 9/28 MP: 3/3
   908 | D:2      | Killed Robin
  1452 | D:3      | Reached XP level 4. HP: 25/35 MP: 4/4
  1863 | D:4      | Noticed a scorpion
  1878 | D:3      | Killed a scorpion
  1879 | D:3      | Reached XP level 5. HP: 40/40 MP: 5/5
  2001 | D:4      | Found a sacrificial altar of Ru.
  2261 | D:4      | Reached skill level 5 in Unarmed Combat
  2320 | D:4      | Reached XP level 6. HP: 40/47 MP: 6/6
  2571 | D:4      | Found Winn's Book Boutique.
  2579 | D:4      | Reached skill level 5 in Shapeshifting
  2773 | D:5      | Entered Level 5 of the Dungeon
  2780 | D:5      | Found Osonas's Distillery.
  2789 | D:5      | Bought 2 potions of degeneration for 20 gold pieces
  2789 | D:5      | Bought a potion of curing for 30 gold pieces
  2870 | D:5      | Noticed an ice beast
  2871 | D:5      | Slain by an ice beast

Illustrated notes

Levels and vault maps discovered:
D:1:      mainiacjoe_arrival_oval_in_oval, layout_basic
D:2:      kennysheep_big_flooded_room, layout_basic, uniq_robin
D:3:      layout_rooms
D:4:      layout_loops_ring, mainiacjoe_overflow_paths, serial_shops,
          nicolae_book_shop_shelving
D:5:      layout_rooms, mainiacjoe_overflow_large_starburst, serial_shops,
          nicolae_shop_industrial_runoff

Skill      XL: |  1  2  3  4  5  6 |
---------------+-------------------+-----
Unarmed Combat | 4 5 |  5.4
Shapeshifting  | 4 5 |  5.1
Fighting       | |  1.1
Dodging        | |  1.7

Action                     |  1- 3 |  4- 6 || total
---------------------------+-------+-------++-------
  Melee: Unarmed           |   122 |   127 ||   249
         Tailslap          |     9 |    11 ||    20
         Punch             |     1 |     4 ||     5
    Use: Potion            |     1 |     2 ||     3
         Scroll            |       |     3 ||     3
   Stab: Sleeping          |     1 |     2 ||     3
 Armour: Skin              |   100 |    75 ||   175
  Dodge: Dodged            |    58 |    61 ||   119
  Block: Other             |       |    26 ||    26
         Reflection        |       |     1 ||     1

Table legend: (Time is in decaauts)
 A = Elapsed time spent in this place.
 B = Non-inter-level travel time spent in this place.
 C = Inter-level travel time spent in this place.
 D = Time resting spent in this place.
 E = Time spent auto-exploring this place.
 F = Levels seen in this place.
 G = Mean time per level.
                   A        B        C        D        E       F      G
               +--------+--------+--------+--------+--------+-----+--------+
         Total |   2853 |   2755 |     98 |    348 |   1854 |   5 |  570.6 |
       Dungeon |   2853 |   2755 |     98 |    348 |   1854 |   5 |  570.6 |
               +--------+--------+--------+--------+--------+-----+--------+

Top non-repeatable levels by time:
     D:4: 794 daAuts
     D:1: 766 daAuts
     D:3: 635 daAuts
     D:2: 560 daAuts
     D:5: 97 daAuts
